 Dungeon Crawl Stone Soup version 0.19.0-19-g8c6edcc (console) character file.

945 nht the Carver (level 8, 0/87 HPs)
             Began as a Merfolk Berserker on Nov 14, 2016.
             Was a Priest of Trog.
             Slain by an orc warrior
             ... wielding a +0 halberd
              (8 damage)
             ... on level 6 of the Dungeon.
             The game lasted 00:09:21 (3944 turns).

nht the Carver (Merfolk Berserker)                  Turns: 3944, Time: 00:09:22

Health: 0/87       AC: 24    Str: 17    XL:     8   Next: 13%
Magic:  8/8        EV:  2    Int:  6    God:    Trog [***...]
Gold:   224        SH:  0    Dex: 16    Spells: 0 memorised, 7 levels left

rFire  . . .     SeeInvis .     u - +0 long sword
rCold  . . .     Gourm    .     (armour currently unavailable)
rNeg   + + +     Faith    .     (no shield)
rPois  +         Spirit   .     (helmet currently unavailable)
rElec  .         Reflect  .     (cloak currently unavailable)
rCorr  .         Harm     .     (gloves currently unavailable)
MR     ++...     NoTele   +     (boots currently unavailable)
Stlth  +.........               (no amulet)
                                (no ring)
                                (no ring)

@: exhausted, tree-form, regenerating, slowed, very slow
A: (change form in water), (swift swim), (stealthy swim), (icy blue scales 0),
(iridescent scales 0), blink
a: Blink, Berserk, Trog's Hand, Burn Spellbooks, Renounce Religion


You were on level 6 of the Dungeon.
You worshipped Trog.
Trog was most pleased with you.
You were hungry.
You were a tree.
You visited 1 branch of the dungeon, and saw 6 of its levels.

You collected 224 gold pieces.

Inventory:

Hand Weapons
 a - a +0 falchion
 u - a +0 long sword (weapon)
Armour
 b - a +0 animal skin (melded)
 n - a +0 cloak (melded)
 s - the +2 helmet of Pessimism (melded) {+Fly rF++ Str+3 Dex-5}
   (You took it off Robin on level 4 of the Dungeon)

   It affects your strength (+3).
   It affects your dexterity (-5).
   It greatly protects you from fire.
   It lets you fly.
Jewellery
 r - an uncursed ring of wizardry {unknown}
Wands
 v - a wand of flame (20/48)
 w - a wand of random effects (21/48)
Scrolls
 d - 2 scrolls of magic mapping
 e - 5 scrolls of identify
 g - 2 scrolls of enchant weapon {unknown}
 j - a scroll of fog {unknown}
 k - 3 scrolls of teleportation
 l - 5 scrolls of recharging {unknown}
 m - 3 scrolls of remove curse {unknown}
 p - a scroll of enchant armour {unknown}
Comestibles
 c - 3 bread rations
 h - 3 meat rations
 o - a slice of pizza
 x - 2 fruits


   Skills:
 - Level 3.2 Fighting
 + Level 10.4 Long Blades
 - Level 1.3 Armour
 - Level 2.6 Dodging


You had 7 spell levels left.
You didn't know any spells.

Dungeon Overview and Level Annotations

Branches:
Dungeon (6/15)
 Temple: D:4-7

Altars:
Fedhas
Hepliaklqana
Makhleb
Xom
The Shining One


Innate Abilities, Weirdness & Mutations

((You revert to your normal form in water.))
((You are very nimble and swift while swimming.))
((You are very stealthy in the water. (Stealth+)))
((You are partially covered in icy blue scales. (AC +2)))
((You are partially covered in iridescent scales. (AC +2)))
You can translocate small distances at will.


Message History

* * * LOW HITPOINT WARNING * * *
The orc hits you with a club.
* * * LOW HITPOINT WARNING * * *
The wight hits you but does no damage.
You cannot teleport because you are held in place by your roots.
As you read the scroll labeled YVAUCL POJERU, it crumbles to dust.
The creatures around you are filled with an inner flame!
It was a scroll of immolation.
The orc shouts!
The orc hits you but does no damage. The ogre hits you but does no damage.
The orc hits you but does no damage.
The orc warrior hits you but does no damage.
The wight hits you but does no damage. The orc hits you but does no damage.
An orc comes into view. It is wielding a mace.
As you read the scroll labeled CUIQOVVOUPS, it crumbles to dust.
It is a scroll of amnesia.
You feel forgetful for a moment. The ogre hits you but does no damage.
The orc hits you but does no damage.
The orc warrior hits you from afar with a halberd!
You die...

..█.█.█.█..
.......█.█ █
█.█...█.█ (██ █
..o....█.... █.
███.......... █..
█...o)█.....█
.█...█.o.)<......█
......oOo........)
.......♣zo.█.█.█.█
...█.███████.█ █ .
█


You could see an orc warrior (inner flame), an ogre (inner flame), a wight
(inner flame) and 5 orcs.

Vanquished Creatures
  An orc warrior (D:6)
  A phantom (D:4)
  3 ogres (D:5)
  2 crimson imps
  A centaur skeleton (D:4)
  Crazy Yiuf (D:4)
  An orc priest (D:5)
  2 orc wizards
  2 bullfrog skeletons
  Ijyb (D:3)
  A worker ant (D:4)
  Robin (D:4)
  6 adders
  2 oozes (D:1)
  An adder skeleton (D:4)
  6 dart slugs
  4 leopard geckos
  7 orcs
  5 giant cockroaches
  9 hobgoblins
  12 jackals
  8 bats
  5 frilled lizards
  7 goblins
  5 kobolds
  A leopard gecko skeleton (D:4)
  A quokka skeleton (D:4)
  5 rats
101 creatures vanquished.

Notes
Turn   | Place    | Note
-------+----------+-------------------------------------------
     0 | D:1      | nht the Merfolk Berserker began the quest for the Orb.
     0 | D:1      | Reached XP level 1. HP: 18/18 MP: 1/1
    89 | D:1      | Reached XP level 2. HP: 13/24 MP: 2/2
   118 | D:1      | Reached skill level 4 in Long Blades
   293 | D:1      | Reached XP level 3. HP: 20/29 MP: 3/3
   661 | D:2      | Found a burning altar of Makhleb.
   873 | D:2      | Reached ** piety under Trog
   918 | D:2      | Reached skill level 5 in Long Blades
  1223 | D:2      | Reached XP level 4. HP: 35/35 MP: 4/4
  1354 | D:2      | Gained mutation: You are partially covered in iridescent scales. (AC +2) [potion of mutation]
  1354 | D:2      | Gained mutation: You can translocate small distances at will. [potion of mutation]
  1354 | D:2      | Gained mutation: You are partially covered in icy blue scales. (AC +2) [potion of mutation]
  1845 | D:3      | Found a faded altar of an unknown god.
  1894 | D:3      | Noticed Ijyb
  1910 | D:3      | Killed Ijyb
  1910 | D:3      | Reached skill level 6 in Long Blades
  1910 | D:3      | Reached XP level 5. HP: 38/41 MP: 5/5
  1974 | D:3      | You fall through a shaft!
  1987 | D:4      | Found a shimmering altar of Xom.
  2226 | D:4      | Noticed a phantom
  2447 | D:4      | Found a runed door.
  2452 | D:4      | Noticed Crazy Yiuf
  2459 | D:4      | Killed Crazy Yiuf
  2459 | D:4      | Reached skill level 7 in Long Blades
  2609 | D:4      | Found a glowing golden altar of the Shining One.
  2688 | D:4      | Killed a phantom
  2688 | D:4      | Reached XP level 6. HP: 19/47 MP: 6/6
  2857 | D:4      | Noticed Robin
  2865 | D:4      | Killed Robin
  2875 | D:4      | Reached *** piety under Trog
  2880 | D:4      | Reached skill level 8 in Long Blades
  2881 | D:4      | Got a faintly glowing helmet
  2890 | D:4      | Identified the +2 helmet of Pessimism {+Fly rF++ Str+3 Dex-5} (You took it off Robin on level 4 of the Dungeon)
  3270 | D:5      | Entered Level 5 of the Dungeon
  3296 | D:5      | Reached XP level 7. HP: 52/52 MP: 7/7
  3371 | D:5      | Reached skill level 9 in Long Blades
  3487 | D:5      | Found a hazy altar of Hepliaklqana.
  3644 | D:5      | Reached skill level 10 in Long Blades
  3799 | D:5      | Found a blossoming altar of Fedhas.
  3928 | D:6      | Reached XP level 8. HP: 58/58 MP: 8/8
  3941 | D:6      | HP: 4/87 [ogre/giant club (5)]
  3944 | D:6      | Slain by an orc warrior

Skill      XL: |  1  2  3  4  5  6  7 |
---------------+----------------------+-----
Long Blades    | 4 5 6 7 8 10 | 10.4
Fighting       | |  3.2
Armour         | |  1.3
Dodging        | |  2.6

Action                   |  1- 3 |  4- 6 |  7- 9 || total
-------------------------+-------+-------+-------++-------
Melee: Falchion          |    93 |   270 |       ||   363
       Long sword        |       |    12 |    71 ||    83
Invok: Trog's Hand       |     1 |     1 |     1 ||     3
       Berserk           |     1 |     4 |     3 ||     8
Evoke: Wand              |       |       |    11 ||    11
  Use: Potion            |     3 |     5 |     1 ||     9
       Scroll            |       |     2 |     2 ||     4
 Stab: Sleeping          |     2 |       |       ||     2
       Invisible         |       |     1 |       ||     1
  Eat: Chunk             |     2 |    11 |     4 ||    17
       Beef jerky        |       |     1 |       ||     1
Armor: Animal skin       |    12 |    65 |    39 ||   116
       Skin              |       |     2 |    10 ||    12
Dodge: Dodged            |    68 |   192 |    36 ||   296
       Rpst.: Falchion   |    18 |    66 |       ||    84
       Long sword        |       |       |    16 ||    16
